 Dungeon Crawl Stone Soup version 0.30-a0-242-g7bf8e6d787 (webtiles) character file.

Game seed: 14791128895436300774

165 themarg the Chopper (level 5, -2/47 HPs)
             Began as a Minotaur Monk on Oct 12, 2022.
             Was a Believer of Nemelex Xobeh.
             Killed from afar by a white imp (6 damage)
             ... with a puff of frost
             ... summoned by Eustachio
             ... on level 4 of the Dungeon.
             The game lasted 00:07:11 (2450 turns).

themarg the Chopper (Minotaur Monk)                 Turns: 2450, Time: 00:07:12

Health: -2/47      AC:  7    Str: 17      XL:     5   Next: 21%
Magic:  4/4        EV: 13    Int:  7      God:    Nemelex Xobeh [**....]
Gold:   252        SH:  0    Dex: 16 (17) Spells: 4/4 levels left

rFire   . . .      SeeInvis .    a - +0 hand axe
rCold   . . .      Faith    .    (no shield)
rNeg    . . .      Spirit   .    s - +3 leather armour of Gocoehup {Dex+4}
rPois   .          Reflect  .    (helmet restricted)
rElec   .          Harm     .    (no cloak)
rCorr   .          Rampage  .    f - +0 pair of gloves
Will    .....                    (no boots)
Stlth   ++........               (no amulet)
HPRegen 0.27/turn                (no ring)
MPRegen 0.09/turn                (no ring)

@: elixired
A: horns 2, retaliatory headbutt
a: Renounce Religion, Draw Escape, Draw Destruction, Draw Summoning


You were on level 4 of the Dungeon.
You worshipped Nemelex Xobeh.
Nemelex Xobeh was pleased with you.
You visited 1 branch of the dungeon, and saw 4 of its levels.

You collected 252 gold pieces.

Inventory:

Hand Weapons
 a - a +0 hand axe (weapon)
Missiles
 j - a throwing net
 k - 50 stones (quivered)
Armour
 f - a +0 pair of gloves (worn)
 i - a +0 scale mail
 s - the +3 leather armour of Gocoehup (worn) {Dex+4}
   (You found it on level 2 of the Dungeon)

   Dex:       It affects your dexterity (+4).
 w - a +0 kite shield
 D - a +2 cloak of poison resistance
Jewellery
 A - an amulet of regeneration
 B - a +6 ring of intelligence
Wands
 q - a wand of flame (12)
 x - a wand of digging (1)
Scrolls
 b - a scroll of silence {unknown}
 d - 2 scrolls of teleportation {unknown}
 e - a scroll of amnesia {unknown}
 g - 2 scrolls of butterflies {unknown}
 n - 2 scrolls of identify {unknown}
 p - a scroll of enchant weapon {unknown}
 u - 2 scrolls of vulnerability {unknown}
 v - a scroll of noise {unknown}
 y - a scroll of blinking {unknown}
 z - a scroll of enchant armour {unknown}
 C - a scroll of acquirement {unknown}
 E - a scroll of summoning {unknown}
Potions
 c - 2 potions of ambrosia
 h - 2 potions of lignification {unknown}
 l - a potion of degeneration {unknown}
 m - a potion of berserk rage {unknown}
 o - 3 potions of curing {unknown}
 r - a potion of might {unknown}
 t - a potion of heal wounds {unknown}
 F - a potion of brilliance {unknown}


   Skills:
 + Level 4.7 Fighting
 * Level 5.4 Axes
 + Level 4.3 Dodging
 - Level 2.0 Stealth


You had 4 spell levels left.
You didn't know any spells.
Your spell library contained the following spells:

 Spells                   Type           Power      Damage    Failure   Level
 Beastly Appendage        Tmut           0%         N/A       50%         1
 Wereblood                Tmut           0%         N/A       65%         2
 Spider Form              Tmut/Pois      0%         N/A       86%         3
 Animate Armour           Summ/Erth      0%         N/A       99%         4
 Cause Fear               Hex            0%         N/A       99%         4
 Blade Hands              Tmut           0%         N/A       100%        5
 Iron Shot                Conj/Erth      0%         9d1       100%        6
 Dragon Form              Tmut           0%         N/A       100%        7
 Dragon's Call            Summ           0%         N/A       100%        9


Dungeon Overview and Level Annotations

Branches:
Dungeon (4/15)
 Temple: D:4-7

Altars:
Hepliaklqana
Nemelex Xobeh

Shops:
D:2 =

Annotations:
D:4 exclusion: ogre, Eustachio


Innate Abilities, Weirdness & Mutations

You have a pair of horns on your head.
You reflexively headbutt those who attack you in melee.


Message History

The quasit closely misses you.
The quasit claws you but does no damage.
Eustachio closely misses you. You furiously retaliate!
You headbutt Eustachio.
The river rat twitches its whiskers.
The river rat bites you but does no damage.
The white imp hits you but does no damage.
Aiming: Throw Flame
Press: ? - help, Shift-Dir - straight line, f - Eustachio
Aim: Eustachio, wielding a +2 vampiric rapier and wearing a +0 leather armour (heavily wounded, fast, 56% to hit)
The puff of flame hits Eustachio!
Eustachio is severely wounded.
The white imp disappears in a puff of smoke!
The quasit disappears in a puff of smoke!
Eustachio hits you with a +2 vampiric rapier.
The river rat barely misses you. The white imp gestures at you.
The puff of frost hits you.
You hit Eustachio.
Eustachio is almost dead.
You barely miss the white imp. You hit the river rat.
You kill the river rat!
The river rat's corpse disappears in a puff of smoke!
Eustachio hits you with a +2 vampiric rapier!
* * * LOW HITPOINT WARNING * * *
Eustachio draws strength from your wounds!
Eustachio hits you with a +2 vampiric rapier.
* * * LOW HITPOINT WARNING * * *
Eustachio draws strength from your wounds!
Okay, then.
Okay, then.
You draw a card...
You have drawn the Elixir.
You begin rapidly regenerating health and magic.
Eustachio mumbles some strange words.
Eustachio blinks!
The iron imp hits you.
* * * LOW HITPOINT WARNING * * *
The white imp closely misses you. The white imp gestures at you.
The puff of frost hits you.
You die...
Your body glows slightly and disappears.

...# ... ..##
######## ...##
#......# ....##
#####......#
......###......(@..#
..# .......#...5..#
.# #.# #......5.#
### ##.######..5@§.#
..###......##...####
..#...........§..#
....#.......##.#.#
...##..)...###.#.###
.......)...# #.....#
..###.....[###.....#
..##....>..........#
..##.......###.....#


You could see Eustachio (fast), an iron imp (summoned) and 2 white imps.

Vanquished Creatures
  An iguana (D:4)
  An orc wizard (D:3)
  Terence (D:2)
  3 adders
  A worm (D:2)
  2 dart slugs
  4 orcs (D:3)
  6 bats
  7 endoplasms
  5 goblins
  3 hobgoblins
  7 kobolds
  2 quokkas
  5 ball pythons
  2 frilled lizards (D:2)
  A rat (D:3)
51 creatures vanquished.

Notes
Turn   | Place    | Note
-------+----------+-------------------------------------------
     0 | D:1      | themarg the Minotaur Monk began the quest for the Orb.
     0 | D:1      | Reached XP level 1. HP: 19/19 MP: 0/0
   118 | D:1      | Reached XP level 2. HP: 26/27 MP: 1/1
   332 | D:1      | Reached skill level 4 in Axes
   797 | D:2      | Reached XP level 3. HP: 33/33 MP: 2/2
   946 | D:2      | Identified the +3 leather armour of Gocoehup {Dex+4}
   964 | D:2      | Found Luadwat's Jewellery Shop.
   987 | D:2      | Noticed Terence
   995 | D:2      | Killed Terence
   996 | D:2      | Reached XP level 4. HP: 31/40 MP: 3/3
  1085 | D:2      | Found a faded altar of an unknown god.
  1644 | D:3      | Reached skill level 5 in Axes
  1861 | D:3      | Found a sparkling altar of Nemelex Xobeh.
  1867 | D:3      | Became a worshipper of Nemelex Xobeh the Trickster
  1867 | D:3      | Reached * piety under Nemelex Xobeh
  1867 | D:3      | Received a gift from Nemelex Xobeh
  1867 | D:3      | Received a gift from Nemelex Xobeh
  1867 | D:3      | Reached ** piety under Nemelex Xobeh
  2184 | D:4      | Reached XP level 5. HP: 33/47 MP: 4/4
  2286 | D:4      | Found a hazy altar of Hepliaklqana.
  2382 | D:4      | Noticed an ogre
  2431 | D:4      | Noticed Eustachio
  2450 | D:4      | Killed from afar by a white imp

Illustrated notes

Levels and vault maps discovered:
D:1:      lightli_molten_gateway, layout_basic
D:2:      layout_loops_ring, serial_shops, shop_statue,
          hellmonk_ecumenical_altar_pennies_from_heaven, uniq_terence
D:3:      layout_loops_ring, nemelex_spade_bored_becter, nrook_uturn
D:4:      layout_rooms, mainiacjoe_overflow_alcove_1, uniq_eustachio

Skill      XL: |  1  2  3  4 |
---------------+-------------+-----
Axes           | 4 5 |  5.4
Fighting       | 4 |  4.7
Stealth        | 2 |  2.0
Dodging        | 4 |  4.3

Action                   |  1- 3 |  4- 6 || total
-------------------------+-------+-------++-------
Melee: Hand axe          |    61 |    67 ||   128
       Headbutt          |    13 |    11 ||    24
Invok: Draw Escape       |       |     1 ||     1
Evoke: Wand              |       |     1 ||     1
 Stab: Sleeping          |     4 |     2 ||     6
Armor: Robe              |     4 |       ||     4
       Leather armour    |     6 |    35 ||    41
Dodge: Dodged            |    44 |    70 ||   114

Table legend: (Time is in decaauts)
 A = Elapsed time spent in this place.
 B = Non-inter-level travel time spent in this place.
 C = Inter-level travel time spent in this place.
 D = Time resting spent in this place.
 E = Time spent auto-exploring this place.
 F = Levels seen in this place.
 G = Mean time per level.
                   A        B        C        D        E       F      G
               +--------+--------+--------+--------+--------+-----+--------+
         Total |   2459 |   2373 |     86 |      0 |   1939 |   4 |  614.8 |
       Dungeon |   2459 |   2373 |     86 |      0 |   1939 |   4 |  614.8 |
               +--------+--------+--------+--------+--------+-----+--------+

Top non-repeatable levels by time:
     D:1: 783 daAuts
     D:2: 700 daAuts
     D:3: 674 daAuts
     D:4: 301 daAuts
